 Dungeon Crawl Stone Soup version 0.24-a0-441-g27f0392e16 (webtiles) character file.

Game seed: 1196370167601964687

60 KristoblXynda the Slasher (level 3, 0/45 HPs)
             Began as a Draconian Gladiator on June 19, 2019.
             Slain by a big kobold
             ... wielding a +0 club
              (1 damage)
             ... on level 3 of the Dungeon.
             The game lasted 00:01:46 (1602 turns).

KristoblXynda the Slasher (Draconian Gladiator)     Turns: 1602, Time: 00:01:46

Health: 0/45       AC: 21    Str: 16    XL:     3   Next: 82%
Magic:  3/3        EV:  2    Int:  9    God:
Gold:   140        SH:  0    Dex: 12    Spells: 2/2 levels left

rFire    + . .     SeeInvis .   a - +0 long sword
rCold    + . .     Gourm    .   (no shield)
rNeg     + + +     Faith    .   (armour unavailable)
rPois    +         Spirit   .   (helmet currently unavailable)
rElec    +         Reflect  .   (cloak currently unavailable)
rCorr    +         Harm     .   (gloves currently unavailable)
MR       .....     NoTele   +   (boots currently unavailable)
Stlth    +.........             (no amulet)
HPRegen  0.15/turn              (no ring)
MPRegen  0.08/turn              (no ring)

@: tree-form, resistant
A: unfitting armour, AC +5
a: no special abilities


You were on level 3 of the Dungeon.
You were not hungry.
You were a tree.
You visited 1 branch of the dungeon, and saw 3 of its levels.

You collected 140 gold pieces.

Inventory:

Hand Weapons
 a - a +0 long sword (weapon)
Missiles
 c - 3 throwing nets (quivered)
Armour
 b - a +0 hat (melded)
Scrolls
 f - a scroll of enchant armour {unknown}
 g - 2 scrolls of identify {unknown}
 h - 3 scrolls of magic mapping {unknown}
 j - 3 scrolls of teleportation {unknown}
 k - a scroll of remove curse {unknown}
 l - a scroll of random uselessness {unknown}
Potions
 e - a potion of resistance
Comestibles
 d - 4 rations


   Skills:
 + Level 2.7 Fighting
 + Level 3.9 Long Blades
 + Level 1.8 Throwing
 + Level 3.3 Dodging


You had 2 spell levels left.
You didn't know any spells.
Your spell library was empty.

Dungeon Overview and Level Annotations

Branches:
Dungeon (3/15)

Altars:

Annotations:
D:2 Sigmund


Innate Abilities, Weirdness & Mutations

((Your plain brown scales are hard. (AC +5)))
You cannot fit into any form of body armour.
((You are cold-blooded and may be slowed by cold attacks.))


Message History

The kobold hits you but does no damage.
You cannot move.
You barely miss the big kobold.
The big kobold is moderately wounded.
The big kobold hits you but does no damage.
The kobold hits you but does no damage. The kobold completely misses you.
You riposte.
You closely miss the kobold.
The big kobold hits you but does no damage.
You closely miss the big kobold.
The big kobold is moderately wounded.
The kobold hits you but does no damage. x2; The big kobold barely misses you.
You riposte.
You hit the big kobold but do no damage.
The big kobold is lightly wounded.
Unknown command.
You closely miss the big kobold.
The big kobold is lightly wounded.
The kobold hits you but does no damage. x2
The big kobold hits you with a +0 club.
You die...

#.. ########
#..
#......## ..
#.......#
#'##........
#...?.......
#...........
#..(K$......
#+##KK......
#♣K.....#
#.(....##
########


You could see a big kobold and 3 kobolds.

Vanquished Creatures
  An adder (D:2)
  2 oozes
  A dart slug (D:2)
  A leopard gecko (D:1)
  2 giant cockroaches (D:1)
  4 hobgoblins (D:1)
  4 jackals (D:1)
  5 kobolds
  A ball python (D:2)
  6 bats
  3 frilled lizards
  7 goblins
  A rat (D:1)
38 creatures vanquished.

Notes
Turn   | Place    | Note
-------+----------+-------------------------------------------
     0 | D:1      | KristoblXynda the Draconian Gladiator began the quest for
                  | the Orb.
     0 | D:1      | Reached XP level 1. HP: 17/17 MP: 1/1
    92 | D:1      | Reached XP level 2. HP: 22/24 MP: 2/2
   477 | D:1      | Reached XP level 3. HP: 19/30 MP: 3/3
   883 | D:2      | Noticed Sigmund
  1585 | D:3      | Noticed a big kobold
  1599 | D:3      | HP: 1/45 [kobold/cursed -1 club (2)]
  1602 | D:3      | Slain by a big kobold

Levels and vault maps discovered:
D:1:      ebering_trefoil_twist, layout_loops_ring
D:2:      layout_basic, uniq_sigmund
D:3:      minmay_goblin_kobold_castle, layout_basic,
          nicolae_overflow_hidden_temple, uniq_ijyb, uniq_terence, uniq_grinder

Skill      XL: |  1 |
---------------+----+-----
Dodging        | 3 |  3.3
Fighting       | |  2.7
Long Blades    | |  3.9
Throwing       | |  1.8

Action                   || total
-------------------------++-------
Melee: Long sword        ||   108
       Tailslap          ||    19
  Use: Potion            ||     2
 Stab: Sleeping          ||     1
  Eat: Ration            ||     1
Armor: Skin              ||    44
Dodge: Dodged            ||    99
       Rpst.: Long sword ||    29

Table legend:
 A = Non-vault XP
 B = Vault XP
 C = Vault XP percentage of total XP
 D = Non-vault monster count
 E = Vault monster count
 F = Vault count percentage of total count
                 A         B        C        D         E       F
            +---------+---------+-------+---------+---------+-------
      Total |      87 |       0 |   0.0 |      38 |       0 |   0.0
            +---------+---------+-------+---------+---------+-------
        D:1 |      52 |       0 |   0.0 |      28 |       0 |   0.0
        D:2 |      35 |       0 |   0.0 |      10 |       0 |   0.0
            +---------+---------+-------+---------+---------+-------
